 Dungeon Crawl Stone Soup version 0.32-a0-975-g85d4e5bfdb (webtiles) character file.

Game seed: 16486158366373848156

25 PriceMaster the Conjurer (level 2, 0/13 HPs)
             Began as a Spriggan Conjurer on Apr 19, 2024.
             Was a Believer of Uskayaw.
             Killed by nerve-wracking pain
             ... invoked by Jessica
              (7 damage)
             ... on level 2 of the Dungeon.
             The game lasted 00:01:08 (1395 turns).

PriceMaster the Conjurer (Spriggan Conjurer)        Turns: 1395, Time: 00:01:10

Health: 0/13       AC:  2    Str:  3    XL:     2   Next: 82%
Magic:  0/6        EV: 16    Int: 19    God:    Uskayaw [**....]
Gold:   106        SH:  0    Dex: 13    Spells: 5/6 levels left

rFire   . . .        (weapon restricted)
rCold   . . .        (no shield)
rNeg    . . .        a - +0 robe
rPois   .            (helmet restricted)
rElec   .            (no cloak)
rCorr   .            (gloves unavailable)
SInv    +            (boots unavailable)
Will    .....        (no amulet)
Stlth   ++           (no ring)
HPRegen 0.22/turn    (no ring)
MPRegen 0.10/turn

%: no passive effects
@: very quick
A: very small, no large weapons, unfitting armour, see invisible, speed 3
a: Renounce Religion, Stomp, Line Pass


You were on level 2 of the Dungeon.
You worshipped Uskayaw.
Uskayaw was noncommittal.
You visited 1 branch of the dungeon, and saw 2 of its levels.

You collected 106 gold pieces.

Inventory:

Armour
 a - a +0 robe (worn)
Scrolls
 c - a scroll of amnesia {unknown}
 d - a scroll of noise {unknown}
 e - 3 scrolls of identify {unknown}
Potions
 b - a potion of magic
 f - a potion of curing {unknown}


   Skills:
 + Level 3.0 Dodging
 + Level 3.0 Stealth
 + Level 2.9 Spellcasting
 + Level 3.5 Conjurations


You had 5 spell levels left.
You knew the following spells:

 Your Spells              Type           Power      Damage    Failure   Level
a - Magic Dart            Conj           64%        1d6       3%          1

Your spell library contained the following spells:

 Spells                   Type           Power      Damage    Failure   Level
 Searing Ray              Conj           32%        2d5       5%          2
 Fulminant Prism          Conj/Alch      4%         3d5       58%         4
 Iskenderun's Mystic Bla Conj/Tloc 9%             2d4        (+2d1     58%         4


Dungeon Overview and Level Annotations

Branches:
Dungeon (2/15)

Altars:
Uskayaw

Annotations:
D:2 Jessica


Innate Abilities, Weirdness & Mutations

You are very small and have problems with some larger weapons.
You are too small for most types of armour.
You have supernaturally acute eyesight. (SInv)
You cover ground extremely quickly. (Speed+++)


Message History

You climb downwards.
Jessica shouts!
The hobgoblin shouts!
Found a sedimented purple potion.
There is a stone staircase leading up here.
There are monsters nearby!
There are monsters nearby!
There are monsters nearby!
You closely miss the hobgoblin. The hobgoblin misses you.
You barely miss the hobgoblin. The hobgoblin misses you.
You hit the hobgoblin but do no damage.
Jessica gestures wildly while chanting.
Jessica blinks!
The hobgoblin misses you.
The magic dart hits the hobgoblin but does no damage.
The hobgoblin barely misses you.
Jessica looks very angry.
The magic dart hits the hobgoblin.
The hobgoblin is heavily wounded.
The hobgoblin hits you.
An endoplasm comes into view.
The magic dart hits the hobgoblin.
The hobgoblin is almost dead.
The endoplasm quivers.
The hobgoblin hits you.
Casting: Magic Dart (safe; 3% risk of failure)
Confirm with . or Enter, or press ? or * to list all spells.
You don't know that spell.
The magic dart hits the hobgoblin.
You kill the hobgoblin!
The magic dart hits Jessica.
Jessica is moderately wounded.
Jessica casts a spell at you. Pain shoots through your body!
You can now pass through a line of other dancers.
The magic dart hits Jessica.
Jessica is heavily wounded.
Jessica casts a spell at you. Pain shoots through your body!
Ouch! That really hurt!
You die...
Your body falls in perfect tune with the rhythm.

#........
#.......#
+.......#
#.......#
#.....J.#
#...@..####.
#....!......
#...@...#
#######.#


You could see Jessica and an endoplasm.

Vanquished Creatures
  6 ball pythons (D:1)
  3 endoplasms (D:1)
  A giant cockroach (D:1)
  3 goblins (D:1)
  3 hobgoblins
  4 kobolds (D:1)
  2 bats (D:1)
  A frilled lizard (D:1)
23 creatures vanquished.

Notes
Turn   | Place    | Note
-------+----------+-------------------------------------------
     0 | D:1      | PriceMaster the Spriggan Conjurer began the quest for the
                  | Orb.
     0 | D:1      | Reached XP level 1. HP: 9/9 MP: 5/5
   239 | D:1      | Reached XP level 2. HP: 12/13 MP: 0/6
  1054 | D:1      | Found a faded altar of an unknown god.
  1368 | D:1      | Prayed at the altar of an unknown god.
  1368 | D:1      | Became a worshipper of Uskayaw the Reveller
  1368 | D:1      | Reached * piety under Uskayaw
  1386 | D:2      | Noticed Jessica
  1394 | D:2      | Reached ** piety under Uskayaw
  1395 | D:2      | Killed from afar by Jessica

Illustrated notes

Levels and vault maps discovered:
D:1:      tarquinn_simple_flora_water_f, layout_basic,
          hellmonk_ecumenical_altar_slurped_away, kennysheep_boxes
D:2:      layout_basic, basic_altar, uniq_jessica, uniq_sigmund

Skill      XL: |  1  2 |
---------------+-------+-----
Conjurations   | 3 |  3.5
Dodging        | 3 |  3.0
Stealth        | |  3.0
Spellcasting   | |  2.9

Action                     || total
---------------------------++-------
  Melee: Unarmed           ||    11
   Cast: Magic Dart        ||    52
 Armour: Robe              ||     9
  Dodge: Dodged            ||    19

Table legend: (Time is in decaauts)
 A = Elapsed time spent in this place.
 B = Non-inter-level travel time spent in this place.
 C = Inter-level travel time spent in this place.
 D = Time resting spent in this place.
 E = Time spent auto-exploring this place.
 F = Levels seen in this place.
 G = Mean time per level.
                   A        B        C        D        E       F      G
               +--------+--------+--------+--------+--------+-----+--------+
         Total |   1032 |    977 |     55 |      0 |    835 |   2 |  516.0 |
       Dungeon |   1032 |    977 |     55 |      0 |    835 |   2 |  516.0 |
               +--------+--------+--------+--------+--------+-----+--------+

Top non-repeatable levels by time:
     D:1: 1021 daAuts
     D:2: 10 daAuts
